[Event "Titled Tuesday Blitz August 15 Late 2023"]
[White "Melikhov, Evgeny V."]
[Black "Sreyas Payyappat"]
[WhiteFideId "4122046"]
[BlackFideId "46674969"]
[WhiteElo "2410"]
[BlackElo "2532"]
[Result "0-1"]
[Round "8"]
[TimeControl "180+1"]
[Date "2023.08.15"]
[WhiteClock "0:00:09"]
[BlackClock "0:00:44"]
[Board "86"]

1. d4 Nf6 2. c4 c5 3. d5 e6 4. Nc3 exd5 5. cxd5 d6 6. Nf3 g6 7. h3 Bg7 8. e4 O-O 9. Bd3 b5 10. Nxb5 Nxe4 11. Bxe4 Re8 12. O-O Rxe4 13. Re1 Rxe1+ 14. Qxe1 Ba6 15. Bg5 Qd7 16. Nc3 Bb7 17. Qe4 Na6 18. Re1 f6 19. Bf4 Nc7 20. Qe7 Rd8 21. h4 Nxd5 22. Nxd5 Bxd5 23. h5 g5 24. Bg3 a5 25. h6 Qxe7 26. Rxe7 Bxh6 27. b3 Bxf3 28. gxf3 d5 29. Rc7 Bf8 30. Kf1 Re8 31. Rd7 d4 32. Rd5 a4 33. Bd6 Rd8 0-1


[Site "https://www.chess.com"]

[Event "Titled Tuesday Blitz August 15 Late 2023"]
[White "Arnold, Ken"]
[Black "Osmak, Yuliia"]
[WhiteFideId "2056836"]
[BlackFideId "14101602"]
[WhiteElo "2402"]
[BlackElo "2519"]
[Result "1-0"]
[Round "8"]
[TimeControl "180+1"]
[Date "2023.08.15"]
[WhiteClock "0:00:25"]
[BlackClock "0:02:02"]
[Board "87"]

1. d4 Nf6 2. Nf3 e6 3. c3 c5 4. Bg5 h6 5. Bh4 Be7 6. e3 b6 7. Nbd2 Bb7 8. Bd3 g5 9. Bg3 g4 10. Ne5 h5 11. e4 d6 12. Nec4 d5 13. exd5 Qxd5 14. Ne3 Qg5 15. O-O cxd4 16. cxd4 Nc6 17. Ne4 Nxe4 18. Bxe4 h4 19. Bxc6+ Bxc6 20. Be5 f6 21. d5 exd5 22. Bd4 Bd6 23. Qxg4 Rg8 24. Qe6+ Be7 25. Qxc6+ Kf7 26. Qxd5+ Qxd5 27. Nxd5 Rgd8 28. Nxe7 Rxd4 29. Nf5 Rd2 30. b3 a5 31. Nxh4 a4 32. Nf3 Rb2 33. bxa4 Rxa4 34. Rab1 Raxa2 35. Rxb2 Rxb2 36. h4 b5 37. Rc1 b4 38. Rc7+ Kg6 39. Rb7 Kf5 40. g3 Ke4 41. Kg2 Kd3 42. h5 Kc4 43. h6 Ra2 44. h7 Ra8 45. Nd2+ Kc3 46. Ne4+ Kd4 47. Nxf6 Kc4 48. Ng8 b3 49. h8=Q Ra7 50. Rxa7 b2 51. Rc7+ Kd3 52. Qxb2 Ke4 53. Qe2+ Kd4 54. Rc4+ Kd5 55. Qe4+ Kd6 56. Rc6+ Kd7 57. Qe6+ Kd8 58. Rc8# 1-0


[Site "https://www.chess.com"]

[Event "Titled Tuesday Blitz August 15 Late 2023"]
[White "Grinev, Valeriy"]
[Black "Dwilewicz, Katarzyna"]
[WhiteFideId "14117517"]
[BlackFideId "1148486"]
[WhiteElo "2515"]
[BlackElo "2400"]
[Result "1-0"]
[Round "8"]
[TimeControl "180+1"]
[Date "2023.08.15"]
[WhiteClock "0:01:18"]
[BlackClock "0:00:42"]
[Board "88"]

1. e4 c5 2. Nf3 d6 3. d4 cxd4 4. Nxd4 Nf6 5. Bd3 e5 6. Nb3 d5 7. exd5 Nxd5 8. O-O Nc6 9. Re1 Be7 10. a3 O-O 11. Nc3 Nxc3 12. bxc3 f5 13. Be3 e4 14. Bc4+ Kh8 15. Bc5 Bxc5 16. Nxc5 Qe7 17. Nb3 Be6 18. Bxe6 Qxe6 19. Nd4 Qc4 20. Rb1 b6 21. Nxc6 Qxc6 22. Qd4 Rad8 23. Qe3 Qd6 24. a4 Rde8 25. a5 f4 26. Qd4 Qg6 27. axb6 f3 28. g3 Qh5 29. Qc4 Re6 30. Qxe6 1-0


[Site "https://www.chess.com"]

[Event "Titled Tuesday Blitz August 15 Late 2023"]
[White "sebastianmarinp"]
[Black "Mickiewicz, Piotr"]
[BlackFideId "1114891"]
[WhiteElo "2395"]
[BlackElo "2506"]
[Result "1-0"]
[Round "8"]
[TimeControl "180+1"]
[Date "2023.08.15"]
[WhiteClock "0:00:48"]
[BlackClock "0:00:55"]
[Board "89"]

1. e4 c5 2. Nf3 Nc6 3. Bb5 g6 4. Bxc6 dxc6 5. O-O Bg4 6. h3 Bxf3 7. Qxf3 Bg7 8. d3 e5 9. Nc3 Nf6 10. Be3 Nd7 11. Qg3 O-O 12. f4 exf4 13. Bxf4 b6 14. Bc7 Qc8 15. Bd6 Re8 16. Qf3 f6 17. Qg4 Ne5 18. Qxc8 Raxc8 19. Bxe5 Rxe5 20. Nd1 c4 21. Ne3 cxd3 22. cxd3 Rd8 23. Rad1 b5 24. Ng4 Re6 25. d4 Rxe4 26. Nxf6+ Bxf6 27. Rxf6 c5 28. d5 c4 29. d6 b4 30. d7 Re2 31. Rc6 Kf7 32. Rxc4 Rxb2 33. Rf4+ Kg7 34. Re4 Kf7 35. Rf1+ Kg7 36. Re7+ Kh6 37. Rff7 Rd2 38. h4 Kh5 39. Rxh7+ Kg4 40. Kh2 a5 41. Re4+ Kf5 42. Ree7 a4 43. Rhf7+ Kg4 44. Re4+ Kh5 45. Rh7# 1-0


[Site "https://www.chess.com"]

[Event "Titled Tuesday Blitz August 15 Late 2023"]
[White "KorolDimitriy75"]
[Black "Berezin, Viktor"]
[BlackFideId "14107872"]
[WhiteElo "2393"]
[BlackElo "2497"]
[Result "0-1"]
[Round "8"]
[TimeControl "180+1"]
[Date "2023.08.15"]
[WhiteClock "0:00:00"]
[BlackClock "0:00:53"]
[Board "90"]

1. d4 Nf6 2. c4 e6 3. Nc3 Bb4 4. Qc2 O-O 5. e4 d6 6. e5 Nfd7 7. Nf3 c5 8. exd6 cxd4 9. Nxd4 Bxd6 10. Be2 a6 11. Nf3 h6 12. O-O Nc6 13. Rd1 Qc7 14. Be3 Nde5 15. Ne4 Nxf3+ 16. Bxf3 Bxh2+ 17. Kh1 Be5 18. c5 Bd7 19. Nd6 Rad8 20. Qe4 f5 21. Qh4 Bf6 22. Qh5 Be8 23. Nxe8 Rfxe8 24. Rab1 Bd4 25. b4 Bxe3 26. fxe3 Ne5 27. Be2 Re7 28. Qh2 Red7 29. Rf1 Rd2 30. Bd1 Qc6 31. Bb3 Ng4 32. Qg3 Nxe3 33. Rf3 Rxg2 34. Qe5 Qxf3 0-1


[Site "https://www.chess.com"]

[Event "Titled Tuesday Blitz August 15 Late 2023"]
[White "Arutla, Aditya"]
[Black "Mikhalsky, Vladimir"]
[WhiteFideId "30961998"]
[BlackFideId "14144352"]
[WhiteElo "2495"]
[BlackElo "2391"]
[Result "0-1"]
[Round "8"]
[TimeControl "180+1"]
[Date "2023.08.15"]
[WhiteClock "0:00:12"]
[BlackClock "0:00:19"]
[Board "91"]

1. d4 Nf6 2. Bf4 c5 3. d5 g6 4. Nc3 Bg7 5. e4 O-O 6. Nf3 d6 7. Bc4 b5 8. Bxb5 Nxe4 9. Nxe4 Qa5+ 10. Nfd2 Qxb5 11. Rb1 c4 12. Nf3 Bb7 13. O-O Qxd5 14. Qxd5 Bxd5 15. Ned2 Nc6 16. b3 c3 17. Nc4 Bxc4 18. bxc4 Na5 19. c5 e5 20. Bc1 d5 21. Rd1 Rfd8 22. Ba3 Nc6 23. Rb7 d4 24. Ng5 Rf8 25. f3 Bh6 26. Ne4 Rab8 27. Rdb1 Rxb7 28. Rxb7 Rb8 29. Rxb8+ Nxb8 30. Kf2 Nc6 31. Ke2 f5 32. Nd6 Bf8 33. Kd3 Bxd6 34. cxd6 Kf7 35. Kc4 Ke6 36. Kb5 Nd8 37. Kc5 Nb7+ 38. Kc6 Nd8+ 39. Kc7 Nf7 40. Bc5 d3 41. cxd3 c2 42. Ba3 Nxd6 43. Kb8 a5 44. Bc1 Nb5 45. Kb7 Nd4 46. Ka6 a4 47. Ka5 Ne2 48. Bd2 c1=Q 49. Bxc1 Nxc1 50. a3 Nxd3 51. Kxa4 Ne1 52. Kb5 Kd7 53. Kc5 Nxg2 54. Kd5 Nh4 55. Kxe5 Nxf3+ 56. Kf4 Nxh2 57. a4 Kc6 58. Kg5 Ng4 59. Kf4 Kb6 60. Kf3 Ka5 61. Ke2 Kxa4 62. Kd3 Kb5 63. Kd4 Kc6 64. Kc4 Kd6 65. Kd4 g5 66. Kd3 f4 67. Ke4 Ke6 68. Kf3 Kf5 69. Kg2 Ke4 70. Kf1 f3 71. Ke1 Ke3 72. Kf1 f2 73. Kg2 Ke2 74. Kg3 Ne5 75. Kh2 f1=N+ 76. Kg2 h5 77. Kh3 Ng6 78. Kg2 Nf4+ 79. Kh1 g4 80. Kg1 h4 81. Kh1 g3 82. Kg1 h3 83. Kh1 g2+ 84. Kg1 h2# 0-1


[Site "https://www.chess.com"]

[Event "Titled Tuesday Blitz August 15 Late 2023"]
[White "Avila Rodriguez, Joshua Ad"]
[Black "petr577"]
[WhiteFideId "5126444"]
[WhiteElo "2487"]
[BlackElo "2374"]
[Result "1-0"]
[Round "8"]
[TimeControl "180+1"]
[Date "2023.08.15"]
[WhiteClock "0:01:21"]
[BlackClock "0:00:07"]
[Board "92"]

1. d4 Nf6 2. c4 e5 3. dxe5 Ng4 4. Nf3 Bc5 5. e3 Nc6 6. Be2 O-O 7. O-O Re8 8. Nc3 Ngxe5 9. Nxe5 Nxe5 10. Kh1 a5 11. f4 Ng6 12. e4 Ra6 13. Bd3 Rd6 14. e5 Rd4 15. Ne2 Rxd3 16. Qxd3 d6 17. Be3 Bxe3 18. Qxe3 dxe5 19. f5 Nf8 20. f6 g6 21. Rad1 Bd7 22. Ng3 Qc8 23. Ne4 Bc6 24. Qh6 Ne6 25. Ng5 Bxg2+ 26. Kxg2 Nf4+ 27. Rxf4 1-0


[Site "https://www.chess.com"]

[Event "Titled Tuesday Blitz August 15 Late 2023"]
[White "Shapiro, Daniel"]
[Black "elpera"]
[WhiteFideId "2001780"]
[WhiteElo "2307"]
[BlackElo "2487"]
[Result "0-1"]
[Round "8"]
[TimeControl "180+1"]
[Date "2023.08.15"]
[WhiteClock "0:00:00"]
[BlackClock "0:00:14"]
[Board "93"]

1. d4 d5 2. c4 e6 3. Nf3 Nf6 4. g3 Be7 5. Bg2 O-O 6. O-O dxc4 7. Ne5 Qd6 8. Nxc4 Qa6 9. Qc2 Nc6 10. Rd1 Rd8 11. e3 e5 12. Nxe5 Nxe5 13. dxe5 Bf5 14. Rxd8+ Rxd8 15. Qb3 Qe2 16. Nd2 Ng4 17. Qc4 Qxf2+ 18. Kh1 Nxe3 0-1


[Site "https://www.chess.com"]

[Event "Titled Tuesday Blitz August 15 Late 2023"]
[White "Kirillov, Dmitry"]
[Black "Saucey, Michel"]
[WhiteFideId "34180572"]
[BlackFideId "601845"]
[WhiteElo "2471"]
[BlackElo "2277"]
[Result "1-0"]
[Round "8"]
[TimeControl "180+1"]
[Date "2023.08.15"]
[WhiteClock "0:02:09"]
[BlackClock "0:00:16"]
[Board "94"]

1. d4 d5 2. c4 e6 3. Nc3 Nf6 4. cxd5 exd5 5. Bg5 c6 6. Qc2 Be7 7. e3 h6 8. Bh4 O-O 9. Bd3 Re8 10. Nge2 a5 11. O-O Na6 12. a3 Nc7 13. f3 b5 14. Rae1 b4 15. Na4 Ba6 16. axb4 Bxd3 17. Qxd3 axb4 18. b3 Nb5 19. e4 dxe4 20. fxe4 Nd7 21. Bxe7 Qxe7 22. e5 f6 23. Ng3 fxe5 24. Nf5 Qg5 25. Qc4+ Kh7 26. Qxc6 exd4 27. Qxd7 Rxe1 28. Rxe1 Rf8 29. Nxg7 1-0


[Site "https://www.chess.com"]

[Event "Titled Tuesday Blitz August 15 Late 2023"]
[White "Tsyhanchuk, Stanislav"]
[Black "Kohler, Aran"]
[WhiteFideId "13505130"]
[BlackFideId "1002856"]
[WhiteElo "2452"]
[BlackElo "2257"]
[Result "1-0"]
[Round "8"]
[TimeControl "180+1"]
[Date "2023.08.15"]
[WhiteClock "0:00:59"]
[BlackClock "0:00:07"]
[Board "95"]

1. e4 c6 2. d4 d5 3. e5 c5 4. dxc5 e6 5. b4 a5 6. c3 Nc6 7. Bb5 Bd7 8. Bxc6 Bxc6 9. Nf3 axb4 10. cxb4 d4 11. Qxd4 Qxd4 12. Nxd4 Bxg2 13. Rg1 Bc6 14. Be3 Ne7 15. b5 Bd7 16. Nc3 Nd5 17. Nxd5 exd5 18. c6 bxc6 19. bxc6 Bc8 20. Nb5 Bb4+ 21. Bd2 Bxd2+ 22. Kxd2 O-O 23. a4 Be6 24. Ke3 Rfc8 25. Rgc1 Ra6 26. c7 Rca8 27. Nd6 Bc8 28. Rcb1 f6 29. Rb8 fxe5 30. Rxc8+ Rxc8 31. Nxc8 d4+ 32. Ke4 Kf7 33. Nd6+ Rxd6 34. c8=Q 1-0


[Site "https://www.chess.com"]

[Event "Titled Tuesday Blitz August 15 Late 2023"]
[White "Danishcrown"]
[Black "dr_tatiana"]
[WhiteElo "2079"]
[BlackElo "2446"]
[Result "0-1"]
[Round "8"]
[TimeControl "180+1"]
[Date "2023.08.15"]
[WhiteClock "0:00:46"]
[BlackClock "0:01:23"]
[Board "96"]

1. d4 d5 2. c4 c6 3. Nc3 Nf6 4. Bg5 Ne4 5. Nxe4 dxe4 6. Qd2 Qb6 7. Be3 Bf5 8. d5 Qa6 9. f3 cxd5 10. cxd5 e6 11. dxe6 Bxe6 12. O-O-O Nc6 13. b3 Rc8 14. Kb1 Bb4 15. Qb2 O-O 16. Nh3 Ba3 17. Qa1 Nb4 18. Qe5 Bc1 19. a3 Qxa3 0-1


[Site "https://www.chess.com"]

[Event "Titled Tuesday Blitz August 15 Late 2023"]
[White "Karamsetty, Jeevan"]
[Black "Curtis, John"]
[WhiteFideId "2025337"]
[BlackFideId "3200256"]
[WhiteElo "2509"]
[BlackElo "2081"]
[Result "1-0"]
[Round "8"]
[TimeControl "180+1"]
[Date "2023.08.15"]
[WhiteClock "0:00:37"]
[BlackClock "0:00:00"]
[Board "97"]

1. e4 c5 2. Nc3 d6 3. g3 Nc6 4. Bg2 g6 5. d3 Bg7 6. Nge2 Nd4 7. O-O Bg4 8. f3 Nxe2+ 9. Nxe2 Bd7 10. f4 Rb8 11. f5 gxf5 12. exf5 Bc6 13. Nf4 Nf6 14. c3 Bxg2 15. Kxg2 h5 16. h3 Qd7 17. Be3 Qxf5 18. Qa4+ Qd7 19. Qxa7 Qc6+ 20. Kf2 O-O 21. Qa3 e5 22. Ng2 b5 23. Qb3 b4 24. Qc2 bxc3 25. bxc3 Nd5 26. Rab1 Qd7 27. h4 f5 28. Bg5 Qf7 29. Kg1 e4 30. Rxb8 Rxb8 31. dxe4 Nxc3 32. exf5 Bd4+ 33. Kh2 Qxa2 34. Qxa2+ Nxa2 35. Nf4 1-0


[Site "https://www.chess.com"]

[Event "Titled Tuesday Blitz August 15 Late 2023"]
[White "Kielinkei"]
[Black "Santos Flores, Alberto"]
[BlackFideId "3601234"]
[WhiteElo "2396"]
[BlackElo "2505"]
[Result "0-1"]
[Round "8"]
[TimeControl "180+1"]
[Date "2023.08.15"]
[WhiteClock "0:00:02"]
[BlackClock "0:00:33"]
[Board "98"]

1. Nf3 d5 2. g3 Nf6 3. Bg2 c6 4. O-O Bf5 5. d4 e6 6. c4 Be7 7. cxd5 exd5 8. Nc3 Ne4 9. Ne5 Nd7 10. Nxd7 Qxd7 11. Nxe4 Bxe4 12. Bxe4 dxe4 13. Be3 O-O 14. Qc2 f5 15. Rad1 Rad8 16. Qb3+ Kh8 17. d5 cxd5 18. Bxa7 Bf6 19. Bd4 f4 20. Bxf6 Rxf6 21. gxf4 Qg4+ 22. Kh1 Qxe2 23. Rde1 Qh5 24. f3 Rxf4 25. fxe4 Rxf1+ 26. Rxf1 dxe4 27. Qb4 Qe8 28. Qxb7 h6 29. Re1 e3 30. Qf3 Rd3 31. b4 Qe5 32. Re2 Qg5 33. Rg2 Qe5 34. Re2 Rd2 35. a4 Qg5 36. Qa8+ Kh7 37. Qe4+ Kg8 38. Qa8+ Kf7 39. Qf3+ Kg6 40. Qxe3 Rd1+ 41. Re1 Qxe3 42. Rxd1 Qf3+ 0-1


[Site "https://www.chess.com"]

[Event "Titled Tuesday Blitz August 15 Late 2023"]
[White "Bryant, Todd"]
[Black "Hirneise, Jens"]
[WhiteFideId "2031299"]
[BlackFideId "24614734"]
[WhiteElo "2362"]
[BlackElo "2467"]
[Result "0-1"]
[Round "8"]
[TimeControl "180+1"]
[Date "2023.08.15"]
[WhiteClock "0:00:07"]
[BlackClock "0:00:04"]
[Board "99"]

1. e4 d5 2. exd5 Qxd5 3. Nc3 Qa5 4. d4 Nf6 5. Bd2 c6 6. Bc4 Bg4 7. f3 Bd7 8. Qe2 Qc7 9. g4 b5 10. Bb3 b4 11. Ne4 Nxe4 12. Qxe4 e6 13. Ne2 Bd6 14. Bf4 a5 15. Bxd6 Qxd6 16. Ng3 O-O 17. Bc4 Na6 18. Bd3 f5 19. gxf5 exf5 20. Qh4 Rae8+ 21. Kf1 Nc7 22. Rg1 Kh8 23. Nh5 Rf7 24. Re1 Rxe1+ 25. Kxe1 Qe7+ 26. Qxe7 Rxe7+ 27. Kd2 Nd5 28. c3 g6 29. Ng3 Nf4 30. Bc4 Kg7 31. a3 bxa3 32. bxa3 h5 33. Rb1 h4 34. Ne2 Nxe2 35. Bxe2 Be6 36. Rb6 Rc7 37. Ra6 Rb7 38. Kc2 a4 39. c4 Rb3 40. Rxa4 Re3 41. Kd2 f4 42. Ra6 Rxe2+ 43. Kc3 Re3+ 44. Kb4 Rxf3 45. Rxc6 Bf5 46. d5 Rd3 47. d6 f3 48. Rc7+ Kf6 49. Re7 Rxd6 50. Re3 Bg4 51. c5 Rd4+ 52. Kb5 Rd1 53. Kc6 f2 54. Re8 Bf5 55. Rf8+ Kg5 56. Rb8 f1=Q 57. Rb4 Qf3+ 58. Kb6 Rc1 59. c6 Qxc6+ 60. Ka7 Rc5 61. Rb6 Ra5+ 62. Kb8 Rb5 63. Rb7 Qxb7# 0-1


[Site "https://www.chess.com"]

[Event "Titled Tuesday Blitz August 15 Late 2023"]
[White "Bogaudinov, Rushan"]
[Black "Bochnicka, Vladimir"]
[WhiteFideId "4129288"]
[BlackFideId "14943450"]
[WhiteElo "2344"]
[BlackElo "2454"]
[Result "0-1"]
[Round "8"]
[TimeControl "180+1"]
[Date "2023.08.15"]
[WhiteClock "0:00:00"]
[BlackClock "0:00:16"]
[Board "100"]

1. a3 h6 2. b4 b6 3. Bb2 Bb7 4. c4 e6 5. d4 Nf6 6. f3 c5 7. e4 cxb4 8. d5 Nxe4 9. fxe4 Qh4+ 10. g3 Qxe4+ 11. Qe2 Qxh1 12. Nf3 bxa3 13. Bxa3 Bxa3 14. Nxa3 O-O 15. O-O-O exd5 16. Bg2 Qxd1+ 17. Qxd1 dxc4 18. Kb2 d5 19. Nh4 c3+ 20. Kc1 Rd8 21. Nb5 Na6 22. Nf5 Kh7 23. Nbd6 Bc8 24. Bxd5 Rb8 25. Qd3 Nb4 26. Qe4 Nxd5 27. Qxd5 Be6 28. Qe5 Rg8 29. g4 b5 30. Qxc3 b4 31. Qd3 g6 32. Ne7 Rgd8 33. Qe3 Rxd6 34. Kb2 Rbd8 35. h4 Rd2+ 36. Kc1 Rd1+ 37. Kc2 b3+ 38. Kc3 Rc8+ 0-1


[Site "https://www.chess.com"]

[Event "Titled Tuesday Blitz August 15 Late 2023"]
[White "Pesotskiy, Mikhail"]
[Black "Harish, Neeraj"]
[WhiteFideId "34164453"]
[BlackFideId "30958130"]
[WhiteElo "2426"]
[BlackElo "2330"]
[Result "1-0"]
[Round "8"]
[TimeControl "180+1"]
[Date "2023.08.15"]
[WhiteClock "0:01:46"]
[BlackClock "0:01:32"]
[Board "101"]

1. d4 d5 2. c4 e6 3. Nc3 h6 4. Bf4 Nf6 5. Nf3 Bd6 6. Bxd6 Qxd6 7. e3 O-O 8. Be2 dxc4 9. Ne5 c5 10. Nxc4 Qe7 11. dxc5 Qxc5 12. Qd6 Qxd6 13. Nxd6 b6 14. Bf3 Nc6 15. Bxc6 Rb8 16. Nxc8 Rbxc8 17. Bb5 Ne8 18. O-O Nc7 19. Bd7 Rcd8 20. Rfd1 Kh7 21. Rd6 Ne8 22. Rd2 Nf6 23. Rad1 g6 24. f3 Kg7 25. Kf2 h5 26. e4 Rh8 27. h4 Rhf8 28. e5 Ng8 29. Bb5 Ra8 30. Rd7 a6 31. Be2 Nh6 32. g4 hxg4 33. fxg4 b5 34. Rc7 b4 35. Ne4 Rac8 36. Rdd7 Rfd8 37. g5 Rxd7 38. gxh6+ Kxh6 39. Rxd7 1-0


[Site "https://www.chess.com"]

[Event "Titled Tuesday Blitz August 15 Late 2023"]
[White "Kujawski, Adam"]
[Black "MrAnnihilation"]
[WhiteFideId "1100920"]
[WhiteElo "2327"]
[BlackElo "2423"]
[Result "1-0"]
[Round "8"]
[TimeControl "180+1"]
[Date "2023.08.15"]
[WhiteClock "0:00:14"]
[BlackClock "0:00:59"]
[Board "102"]

1. e4 d6 2. d4 Nf6 3. Nc3 e5 4. dxe5 dxe5 5. Qxd8+ Kxd8 6. Bc4 Be6 7. Bxe6 fxe6 8. f3 Bc5 9. Nge2 Nc6 10. Bd2 Ke7 11. O-O-O a6 12. a3 b5 13. Na2 a5 14. Kb1 Rhb8 15. Nec1 h6 16. Nd3 Bd4 17. c3 Ba7 18. b3 Nd7 19. Kc2 a4 20. b4 Nb6 21. Nb2 Nd8 22. Be3 Nf7 23. Bc5+ Kf6 24. Nc1 Rd8 25. Rxd8 Rxd8 26. Rd1 Rxd1 27. Kxd1 Nd6 28. Bxb6 Bxb6 29. Ke2 Bg1 30. h3 Kg5 31. Ncd3 Nf7 32. c4 c6 33. cxb5 cxb5 34. Nd1 Kh4 35. Nc3 Kg3 36. Kf1 Bd4 37. Nxb5 Ba1 38. Nc1 Kf4 39. Ke2 Kg3 40. Kf1 h5 41. Ne2+ Kh4 42. Nbc3 Nd6 43. Nxa4 Nb5 44. Nc5 Nxa3 45. Nd3 Nc4 46. Kf2 Kg5 47. g3 h4 48. f4+ exf4 49. gxf4+ Kf6 50. Kf3 g5 51. fxg5+ Kxg5 52. b5 e5 53. Nec1 Bc3 54. Nb3 Nb6 55. Nbc5 Nc4 56. Ne6+ Kf6 57. Nc7 Ba5 58. Nd5+ Kg5 59. Nc5 Nd2+ 60. Ke3 Nc4+ 61. Kd3 Nb6 62. Ne6+ Kg6 63. Nxb6 Bxb6 64. Kc4 Kf6 65. Kd5 Bf2 66. Nc5 Kg5 67. b6 Kf4 68. Nd3+ Kg3 69. Nxf2 Kxf2 70. b7 Kg3 71. b8=Q Kxh3 72. Qxe5 Kg2 73. Qg7+ Kh1 74. e5 h3 75. Qg3 h2 76. Qf3+ Kg1 77. Qd1+ Kf2 78. Qd2+ Kg1 79. Qe1+ Kg2 80. Qe2+ Kg1 81. Qxh2+ Kxh2 82. e6 Kg3 83. e7 Kf4 84. e8=Q Kg5 85. Qe5+ Kh6 86. Ke4 Kh7 87. Qf5+ Kg8 88. Ke5 Kg7 89. Ke6 Kg8 90. Qg4+ Kh7 91. Kf7 Kh8 92. Qh5# 1-0


[Site "https://www.chess.com"]

[Event "Titled Tuesday Blitz August 15 Late 2023"]
[White "Szente Varga, Fruzsina"]
[Black "financieru"]
[WhiteFideId "712264"]
[WhiteElo "2316"]
[BlackElo "2412"]
[Result "1/2-1/2"]
[Round "8"]
[TimeControl "180+1"]
[Date "2023.08.15"]
[WhiteClock "0:00:05"]
[BlackClock "0:00:45"]
[Board "103"]

1. e4 c5 2. Nf3 e6 3. b3 b6 4. Bb2 Bb7 5. Nc3 d6 6. d4 cxd4 7. Nxd4 Nf6 8. Bb5+ Nbd7 9. Bc6 Bxc6 10. Nxc6 Qc7 11. Nd4 a6 12. O-O Be7 13. f3 O-O 14. Kh1 Rac8 15. Nce2 b5 16. Rc1 Rfd8 17. c4 bxc4 18. Rxc4 Qb7 19. Rxc8 Rxc8 20. Qd2 g6 21. Rc1 h5 22. Qh6 Bf8 23. Qg5 Bg7 24. Qg3 Rxc1+ 25. Nxc1 Qc7 26. Nde2 Ne5 27. Bxe5 dxe5 28. Qe1 Qc2 29. h3 Bh6 30. a4 Kg7 31. a5 h4 32. b4 Nh5 33. Kh2 Ng3 34. b5 axb5 35. a6 Qa4 36. Nxg3 hxg3+ 37. Kxg3 Bf4+ 38. Kf2 Qxa6 39. Nd3 Qa2+ 40. Kg1 Qc4 41. Qb1 Be3+ 42. Kh1 Bd4 43. h4 Bc3 44. h5 gxh5 45. Nf2 Bd4 46. Nh3 b4 47. Qe1 b3 48. Qg3+ Kf8 49. Qh4 b2 50. Qd8+ Kg7 51. Qg5+ Kf8 52. Qd8+ Kg7 53. Qg5+ Kh7 54. Qxh5+ Kg8 55. Qg5+ Kf8 56. Qd8+ Kg7 57. Qg5+ Kh8 58. Qf6+ Kg8 59. Qd8+ Kg7 60. Qg5+ Kf8 61. Qd8+ Kg7 1/2-1/2


[Site "https://www.chess.com"]

[Event "Titled Tuesday Blitz August 15 Late 2023"]
[White "Martinez, Shawn"]
[Black "Figorito, Nick"]
[WhiteFideId "2039770"]
[BlackFideId "30923689"]
[WhiteElo "2313"]
[BlackElo "2398"]
[Result "1-0"]
[Round "8"]
[TimeControl "180+1"]
[Date "2023.08.15"]
[WhiteClock "0:00:40"]
[BlackClock "0:00:14"]
[Board "104"]

1. e4 e6 2. d4 d5 3. Bd3 c5 4. exd5 Qxd5 5. Nc3 Qxg2 6. Be4 cxd4 7. Bxg2 dxc3 8. bxc3 Nf6 9. Ne2 Bc5 10. O-O O-O 11. c4 Nc6 12. Bb2 Rd8 13. Qc1 e5 14. Bxc6 bxc6 15. Bxe5 Bh3 16. Re1 Ne4 17. Bd4 Bxd4 18. Nxd4 Rxd4 19. Qe3 Rxc4 20. Qxh3 Ng5 21. Qb3 Rf4 22. Re3 h6 23. Rae1 Ne6 24. Qb7 Rf8 25. Qxc6 Nd4 26. Qb7 Nxc2 27. Re8 Nxe1 28. Rxf8+ Kh7 29. Rxf7 Rg4+ 30. Kf1 Nd3 31. h3 Rg6 32. Qb1 Ne5 33. Rxa7 Nf3 34. Rd7 Nh2+ 35. Ke2 Nf3 36. Qxg6+ Kxg6 37. Kxf3 Kf6 38. a4 Ke6 39. Rxg7 h5 40. a5 Kd6 41. a6 Kc6 42. a7 h4 43. a8=Q+ Kb5 44. Qc8 Kb6 45. Rb7+ Ka6 46. Qa8# 1-0


[Site "https://www.chess.com"]

[Event "Titled Tuesday Blitz August 15 Late 2023"]
[White "Radivojevic, Ivan"]
[Black "Tqebuchava, Zurab"]
[WhiteFideId "928461"]
[BlackFideId "13601113"]
[WhiteElo "2396"]
[BlackElo "2183"]
[Result "1-0"]
[Round "8"]
[TimeControl "180+1"]
[Date "2023.08.15"]
[WhiteClock "0:00:19"]
[BlackClock "0:00:00"]
[Board "105"]

1. e4 g6 2. d4 Bg7 3. Nc3 c6 4. Nf3 d6 5. Be3 Bg4 6. Qd2 Bxf3 7. gxf3 Nd7 8. h4 h5 9. Bg5 Ngf6 10. Bh3 Qc7 11. O-O-O O-O-O 12. f4 Kb8 13. f5 gxf5 14. Bxf5 Ka8 15. Rhg1 Bf8 16. Bh3 Rg8 17. Qe2 Nb6 18. Bxf6 Rxg1 19. Rxg1 exf6 20. Qxh5 Nc4 21. Bf1 d5 22. exd5 Qf4+ 23. Kb1 Nd2+ 24. Ka1 Qxf2 25. Rh1 Nxf1 26. dxc6 Ng3 27. c7 Re8 28. Qb5 Re1+ 29. Rxe1 Qxe1+ 30. Nb1 Qe6 31. d5 Qc8 32. Qc4 Bd6 33. h5 Qxc7 34. Qxc7 Bxc7 35. h6 Be5 36. Nd2 f5 37. Nf3 Bh8 38. c4 Kb8 39. Kb1 Kc7 40. Ng5 1-0


[Site "https://www.chess.com"]

[Event "Titled Tuesday Blitz August 15 Late 2023"]
[White "Herman, Matthew"]
[Black "rikchessmx"]
[WhiteFideId "2028964"]
[WhiteElo "2461"]
[BlackElo "2287"]
[Result "1-0"]
[Round "8"]
[TimeControl "180+1"]
[Date "2023.08.15"]
[WhiteClock "0:00:25"]
[BlackClock "0:01:02"]
[Board "106"]

1. e4 c5 2. Nf3 e6 3. d4 cxd4 4. Nxd4 a6 5. Bd3 Qc7 6. c4 Nf6 7. Nc3 Bc5 8. Nb3 Ba7 9. Qe2 h5 10. Bg5 Ng4 11. c5 Bxc5 12. Nxc5 Qxc5 13. Nd5 exd5 14. Rc1 Qa5+ 15. b4 Qxb4+ 16. Bd2 Qa3 17. Rxc8+ Ke7 18. exd5+ Kf6 19. Qf3+ Ke7 20. Qe4+ Kf6 21. Qf4+ Ke7 22. Bb4+ Qxb4+ 23. Qxb4+ 1-0


[Site "https://www.chess.com"]

[Event "Titled Tuesday Blitz August 15 Late 2023"]
[White "Womacka, Mathias"]
[Black "Ai, Evan"]
[WhiteFideId "4611390"]
[BlackFideId "2094770"]
[WhiteElo "2452"]
[BlackElo "2265"]
[Result "1-0"]
[Round "8"]
[TimeControl "180+1"]
[Date "2023.08.15"]
[WhiteClock "0:00:16"]
[BlackClock "0:00:00"]
[Board "107"]

1. e4 c5 2. Nf3 d6 3. d4 cxd4 4. Nxd4 Nf6 5. Nc3 a6 6. Be2 e5 7. Nb3 Be7 8. O-O O-O 9. Kh1 Be6 10. f4 exf4 11. Bxf4 Nc6 12. Qe1 b5 13. a3 Ne5 14. Rd1 Qc7 15. Qg3 Rfd8 16. Nd4 Ng6 17. Bc1 Rac8 18. Nf5 Bxf5 19. exf5 Ne5 20. Bh6 Bf8 21. Bg5 Ned7 22. Nd5 Nxd5 23. Bxd8 Rxd8 24. Rxd5 Qxc2 25. Bf3 Nf6 26. Rdd1 d5 27. Qf2 Qa4 28. Qd4 Qc2 29. Rd2 Qb3 30. Rc1 b4 31. Rd3 Qa4 32. axb4 Qxb4 33. Qxb4 Bxb4 34. g4 h6 35. h4 Rb8 36. g5 hxg5 37. hxg5 Ne4 38. Rxd5 Ng3+ 39. Kg2 1-0


[Site "https://www.chess.com"]

[Event "Titled Tuesday Blitz August 15 Late 2023"]
[White "Kula, Robert"]
[Black "ExchangeAB"]
[WhiteFideId "1101218"]
[WhiteElo "2265"]
[BlackElo "2417"]
[Result "1-0"]
[Round "8"]
[TimeControl "180+1"]
[Date "2023.08.15"]
[WhiteClock "0:00:05"]
[BlackClock "0:00:03"]
[Board "108"]

1. d4 Nf6 2. c4 c6 3. Nc3 d5 4. Bf4 dxc4 5. e3 b5 6. a4 Qb6 7. Nf3 e6 8. h3 Nd5 9. Nxd5 cxd5 10. Be2 b4 11. O-O Bd6 12. a5 Qd8 13. Bxd6 Qxd6 14. Ne5 Nc6 15. f4 O-O 16. Qe1 Rb8 17. Ra4 b3 18. g4 f6 19. Nxc6 Qxc6 20. Ra3 Bd7 21. Qc3 Qd6 22. Kg2 Rbe8 23. e4 e5 24. dxe5 fxe5 25. f5 Bb5 26. Rd1 d4 27. Bxc4+ Bxc4 28. Qxc4+ Kh8 29. Rxb3 Rc8 30. Qe2 h6 31. Kg1 Rb8 32. Qc4 Rxb3 33. Qxb3 Rb8 34. Qc2 Qb4 35. Qc7 Qxb2 36. Qxe5 Rd8 37. f6 Rg8 38. f7 Rf8 39. Qe7 Qb8 40. Rxd4 Qg3+ 41. Kf1 Qf3+ 42. Ke1 Qe3+ 43. Kf1 Qb3 44. Qxf8+ Kh7 45. Qg8+ Kg6 46. f8=Q Qb1+ 47. Kg2 Qb2+ 48. Kg3 Qxd4 49. Qf5# 1-0


[Site "https://www.chess.com"]